 Seeded DCSS version 0.31-a0-496-g6f97920a28 (webtiles) character file.

Game seed: 7415222406553760909 (custom seed)

56 innerfire43 the Trooper (level 3, -1/29 HPs)
             Began as a Demonspawn Monk on Aug 8, 2023.
             Slain by Robin
             ... wielding a +0 trident
              (2 damage)
             ... on level 2 of the Dungeon.
             The game lasted 00:01:26 (848 turns).

innerfire43 the Trooper (Demonspawn Monk)            Turns: 848, Time: 00:01:26

Health: -1/29      AC:  3    Str: 13    XL:     3   Next: 69%
Magic:  3/3        EV: 13    Int: 11    God:
Gold:   42         SH:  0    Dex: 15    Spells: 2/2 levels left

rFire   . .          .
                       - Unarmed
rCold   + . .        c - orb {light}
rNeg    . . .        m - +1 robe {rC+}
rPois   .            (no helmet)
rElec   .            (no cloak)
rCorr   .            (no gloves)
SInv    .            (no boots)
Will    .....        (no amulet)
Stlth   +            (no ring)
HPRegen 0.24/turn    (no ring)
MPRegen 0.08/turn

%: no passive effects
@: confused, lethally poisoned (-1 -> -5), ambrosia-drunk, glowing
A: spiny 1
a: no special abilities


You were on level 2 of the Dungeon.
You visited 1 branch of the dungeon, and saw 2 of its levels.

You collected 70 gold pieces.
You spent 28 gold pieces at shops.

Inventory:

Armour
 a - a +0 robe
 c - an orb of light (worn)
 m - a +1 robe of cold resistance (worn)
Jewellery
 d - a ring of wizardry
 f - a ring of positive energy
 j - a ring of wizardry
Talismans
 g - a flux talisman
Scrolls
 h - a scroll of teleportation {unknown}
 i - 2 scrolls of identify
 l - a scroll of poison {unknown}
Potions
 e - 2 potions of curing {unknown}
 k - a potion of lignification {unknown}


   Skills:
 - Level 3.0 Fighting
 - Level 3.0 Dodging
 - Level 3.0 Unarmed Combat
 * Level 2.0 Shapeshifting


You had 2 spell levels left.
You didn't know any spells.
Your spell library was empty.

Dungeon Overview and Level Annotations

Branches:
Dungeon (2/15)

Altars:

Shops:
D:1 ?

Annotations:
D:2 Robin


Innate Abilities, Weirdness & Mutations

You are partially covered in sharp spines.


Message History

You feel sick. The adder barely misses you.
Unknown command.
You hit the hobgoblin.
You kill the hobgoblin!
You feel sick. The adder bites you. Robin misses you.
Unknown command.
You feel sick. The adder is struck by your spines. The adder bites you.
Robin throws the goblin at you! The adder is struck by your spines.
The adder barely misses you.
Things that are here:
a +0 club; a hobgoblin corpse You barely miss the goblin.
You feel sick. The adder bites you.
* * * LOW HITPOINT WARNING * * *
The goblin hits you but does no damage. Robin barely misses you.
Unknown command.
You are confused.
You feel invigorated.
You feel sick. The adder closely misses you.
The goblin is struck by your spines. The goblin hits you with a +0 club.
* * * LOW HITPOINT WARNING * * *
Robin barely misses you.
You hit the adder.
The adder is almost dead.
You feel sick.
You are no longer poisoned.
The adder bites you.
* * * LOW HITPOINT WARNING * * *
You are poisoned.
The adder poisons you! The goblin closely misses you.
Robin points. "Kill!"
Robin hits you from afar with a +0 trident.
* * * LOW HITPOINT WARNING * * *
You bump into the rock wall.
* * * LOW HITPOINT WARNING * * *
You feel sick. The adder closely misses you.
The adder is struck by your spines.
You kill the adder!
The goblin hits you with a +0 club.
* * * LOW HITPOINT WARNING * * *
Robin hits you from afar with a +0 trident.
You die...

#.................
#.################
########.#
.......#.#
.......#.#
.......#.#
.......#.#
......)#.######..
......>g@........
=......#)........
.......##g###.#..
.........g).....#
############$...#
.... ###### #..
...... . .#####


You could see Robin, a hobgoblin (strong) and a goblin (strong).

Vanquished Creatures
  An adder (D:2)
  A worm (D:2)
  A dart slug (D:2)
  2 bats (D:1)
  2 giant cockroaches (D:1)
  12 goblins
  5 hobgoblins
  6 jackals (D:1)
  4 quokkas
  2 ball pythons (D:1)
  2 frilled lizards (D:1)
  2 kobolds (D:1)
  3 rats
43 creatures vanquished.

Notes
Turn   | Place    | Note
-------+----------+-------------------------------------------
     0 | D:1      | innerfire43 the Demonspawn Monk began the quest for the
                  | Orb.
     0 | D:1      | Reached XP level 1. HP: 18/18 MP: 1/1
    70 | D:1      | Gained mutation: You are partially covered in sharp spines.
                  | [demonic ancestry]
    70 | D:1      | Reached XP level 2. HP: 13/24 MP: 2/2
   143 | D:1      | Reached skill level 1 in Shapeshifting
   314 | D:1      | Reached XP level 3. HP: 28/29 MP: 3/3
   362 | D:1      | Found Onoqawk's Magic Scroll Emporium.
   371 | D:1      | Bought a scroll of identify for 28 gold pieces
   831 | D:2      | Noticed Robin
   847 | D:2      | HP: 1/29 [Robin/+0 trident (6)]
   848 | D:2      | Slain by Robin

Illustrated notes

Levels and vault maps discovered:
D:1:      spicycebolla_green_bress_n_ham_2, layout_rooms, serial_shops, shop,
          minmay_misc_feat_hallway
D:2:      layout_basic, uniq_robin

Skill      XL: |  1  2  3 |
---------------+----------+-----
Shapeshifting  | 1 2 |  2.0
Dodging        | 3 |  3.0
Unarmed Combat | 3 |  3.0
Fighting       | |  3.0

Action                     || total
---------------------------++-------
  Melee: Unarmed           ||    91
    Use: Potion            ||     1
 Armour: Robe              ||    22
  Dodge: Dodged            ||    72

Table legend: (Time is in decaauts)
 A = Elapsed time spent in this place.
 B = Non-inter-level travel time spent in this place.
 C = Inter-level travel time spent in this place.
 D = Time resting spent in this place.
 E = Time spent auto-exploring this place.
 F = Levels seen in this place.
 G = Mean time per level.
                   A        B        C        D        E       F      G
               +--------+--------+--------+--------+--------+-----+--------+
         Total |    843 |    810 |     33 |      0 |    603 |   2 |  421.5 |
       Dungeon |    843 |    810 |     33 |      0 |    603 |   2 |  421.5 |
               +--------+--------+--------+--------+--------+-----+--------+

Top non-repeatable levels by time:
     D:1: 518 daAuts
     D:2: 325 daAuts
